 Dungeon Crawl Stone Soup version 0.21-a0-150-gc243083 (webtiles) character file.

453 AverageBear the Cutter (level 6, 0/39 HPs)
             Began as a Deep Elf Fighter on July 28, 2017.
             Slain by a gnoll
             ... wielding a +0 halberd
              (10 damage)
             ... on level 4 of the Dungeon.
             The game lasted 00:03:56 (3015 turns).

AverageBear the Cutter (Deep Elf Fighter)           Turns: 3015, Time: 00:03:56

Health: 0/39       AC:  6    Str: 20    XL:     6   Next: 75%
Magic:  8/8        EV: 10    Int: 11    God:
Gold:   194        SH:  9    Dex: 15    Spells: 5/5 levels left

rFire    . . .     SeeInvis .   a - +2 rapier
rCold    + . .     Gourm    .   c - +0 shield
rNeg     . . .     Faith    +   b - +0 scale mail
rPois    .         Spirit   .   (no helmet)
rElec    .         Reflect  .   (no cloak)
rCorr    .         Harm     .   (no gloves)
MR       .....                  (no boots)
Stlth    ..........             p - amulet of faith
HPRegen  0.13/turn              r - +3 ring of dexterity
MPRegen  0.11/turn              (no ring)

@: mighty
A: clumsy 1, cold resistance 1, dopey 1, robust 1
a: no special abilities


You were on level 4 of the Dungeon.
You were not hungry.

You visited 1 branch of the dungeon, and saw 4 of its levels.

You collected 194 gold pieces.

Inventory:

Hand Weapons
 a - a +2 rapier (weapon)
 u - a cursed -2 dagger
Armour
 b - a +0 scale mail (worn)
 c - a +0 shield (worn)
Jewellery
 p - an amulet of faith (around neck)
 r - a +3 ring of dexterity (left hand)
Scrolls
 d - a scroll of teleportation {unknown}
 e - 2 scrolls of enchant armour {unknown}
 i - a scroll of amnesia {unknown}
 n - a scroll of remove curse
 v - a scroll of blinking {unknown}
 x - 2 scrolls of identify {unknown}
Potions
 h - a potion of agility {unknown}
 j - a potion of mutation
 k - 2 potions of heal wounds
 o - 4 potions of curing {unknown}
 q - a potion of magic {unknown}
Comestibles
 f - 2 bread rations
 g - 8 chunks of flesh
 l - 3 fruits
 m - 5 meat rations
 s - a royal jelly


   Skills:
 - Level 2.4 Fighting
 - Level 6.0 Short Blades
 - Level 2.4 Armour
 + Level 4.8 Dodging
 - Level 2.4 Shields


You had 5 spell levels left.
You didn't know any spells.

Dungeon Overview and Level Annotations

Branches:
Dungeon (4/15)
 Temple: D:4-7

Altars:


Innate Abilities, Weirdness & Mutations

You are clumsy. (Dex -2)
Your flesh is cold resistant. (rC+)
You are dopey. (Int -2)
You are robust. (+10% HP)


Message History

You feel very mighty all of a sudden. The gnoll hits you with a club.
You closely miss the gnoll.
The gnoll is severely wounded.
The gnoll hits you from afar with a halberd.
The gnoll closely misses you.
You puncture the gnoll!
You kill the gnoll!
The gnoll barely misses you. The gnoll hits you but does no damage.
Things that are here:
a club; a gnoll corpse You hit the gnoll.
The gnoll is moderately wounded.
The gnoll hits you with a halberd!
* * * LOW HITPOINT WARNING * * *
You puncture the gnoll!
The gnoll is severely wounded.
The gnoll hits you with a halberd!
You die...

# #..## ## ###.##
# #..#. . ..... #
#..#.#. .... #
...... ... # #.#
..g.# ..# # #.#
#..# ..# # #.#
#.##.g###..# # #.#
#....gg@...# ###
#.#
#####.#####...#
..# #.# ####.# ..#
#)# #.# ##.##.# .
#)###.####....#.#
.......).....###..
#.###.####..##
#... #.# #.# #...#
#.... #.# #.#
#.##.# #...


You could see 3 gnolls.

Vanquished Creatures
  Sigmund (D:2)
  The ghost of Atlas the Covered, an amateur DsFi (D:3)
  A centaur skeleton (D:3)
  A worker ant (D:4)
  A gnoll (D:4)
  6 adders
  An ooze (D:2)
  3 worms
  2 dart slugs (D:1)
  5 leopard geckos
  6 orcs
  2 ball pythons (D:3)
  3 bats
  4 giant cockroaches
  12 goblins
  6 hobgoblins
  3 jackals (D:1)
  4 kobolds
  3 frilled lizards (D:3)
  14 rats
79 creatures vanquished.

Notes
Turn   | Place    | Note
-------+----------+-------------------------------------------
     0 | D:1      | AverageBear the Deep Elf Fighter began the quest for the Orb.
     0 | D:1      | Reached XP level 1. HP: 13/13 MP: 3/3
   106 | D:1      | Reached XP level 2. HP: 17/18 MP: 4/4
   130 | D:1      | Reached skill level 3 in Short Blades
   503 | D:1      | Reached XP level 3. HP: 21/22 MP: 5/5
  1260 | D:2      | Reached skill level 4 in Short Blades
  1362 | D:2      | Noticed Sigmund
  1371 | D:2      | Gained mutation: Your flesh is cold resistant. (rC+) [potion of mutation]
  1371 | D:2      | Gained mutation: You are clumsy. (Dex -2) [potion of mutation]
  1371 | D:2      | Gained mutation: You are dopey. (Int -2) [potion of mutation]
  1371 | D:2      | Gained mutation: You are robust. (+10% HP) [potion of mutation]
  1378 | D:2      | Killed Sigmund
  1378 | D:2      | Reached skill level 5 in Short Blades
  1378 | D:2      | Reached XP level 4. HP: 17/29 MP: 6/6
  1378 | D:2      | Reached XP level 5. HP: 21/34 MP: 7/7
  1414 | D:2      | Reached skill level 6 in Short Blades
  1473 | D:2      | Reached skill level 1 in Dodging
  2200 | D:3      | Noticed Atlas's ghost (amateur DsFi)
  2210 | D:3      | Killed Atlas's ghost
  2210 | D:3      | Reached XP level 6. HP: 29/39 MP: 8/8
  3015 | D:4      | Slain by a gnoll

Vault maps used:
D:1:      minmay_arrival_nine_rooms, minmay_rat_gold_closets
D:2:      minmay_unequal, uniq_sigmund
D:4:      gammafunk_steamed_eel, minitemple, lemuel_coloured_pillars_altar,
          minmay_temple_entry_hall, uniq_grinder

Skill      XL: |  1  2  3  4  5  6 |
---------------+-------------------+-----
Short Blades   | 3 5 6 |  6.0
Dodging        | 3 4 |  4.8
Fighting       | |  2.4
Armour         | |  2.4
Shields        | |  2.4

Action                   |  1- 3 |  4- 6 || total
-------------------------+-------+-------++-------
Melee: Rapier            |   138 |   160 ||   298
  Use: Potion            |     3 |     2 ||     5
       Scroll            |     1 |     4 ||     5
  Eat: Chunk             |     2 |     5 ||     7
Armor: Scale mail        |    45 |    41 ||    86
Dodge: Dodged            |    21 |    38 ||    59
Block: Shield            |    53 |    84 ||   137
